 Dungeon Crawl Stone Soup version 0.20.0-15-g7f486f2 (webtiles) character file.

26406 skittles the Thaumaturge (level 12, -14/81 HPs)
             Began as a Purple Draconian Fire Elementalist on June 17, 2017.
             Was an Elder of Vehumet.
             Engulfed by a cloud of flame (29 damage)
             ... in a volcano.
             The game lasted 01:03:44 (19674 turns).

skittles the Thaumaturge (DrFE)                    Turns: 19674, Time: 01:03:45

Health: -14/81     AC: 11    Str: 17    XL:     12   Next: 98%
Magic:  10/28      EV: 16    Int: 20    God:    Vehumet [****..]
Gold:   562        SH:  0    Dex: 23    Spells: 12/36 levels left

rFire    . . .     SeeInvis +   w - +2 rapier (venom)
rCold    . . .     Gourm    +   (no shield)
rNeg     . . .     Faith    .   (armour unavailable)
rPois    .         Spirit   .   (helmet restricted)
rElec    .         Reflect  .   g - +0 cloak
rCorr    .         Harm     .   x - +0 pair of gloves "Moutt" {Str+5 Dex+6 SInv} (curse)
MR       +....                  U - +0 pair of boots
Stlth    ++........             O - amulet of the gourmand
Regen    0.3/turn               F - +6 ring of dexterity
MPRegen  0.3/turn               D - +3 ring of evasion

@: no status effects
A: breathe power, unfitting armour, cold-blooded, AC +8
a: Breathe Dispelling Energy, Renounce Religion


You were in a volcano.
You worshipped Vehumet.
Vehumet was greatly pleased with you.
You were very full.

You visited 3 branches of the dungeon, and saw 14 of its levels.
You also visited: Ossuary and Volcano.

You collected 947 gold pieces.
You spent 385 gold pieces at shops.

Inventory:

Hand Weapons
 e - a +0 spear
 w - a +2 rapier of venom (weapon)
 C - a +0 scimitar of flaming
Missiles
 m - 3 throwing nets (quivered)
Armour
 g - a +0 cloak (worn)
 x - the cursed +0 pair of gloves "Moutt" (worn) {Str+5 Dex+6 SInv}
   (You found it on level 5 of the Dungeon)

   It affects your strength (+5).
   It affects your dexterity (+6).
   It lets you see invisible.
   It has a curse placed upon it.
 U - a +0 pair of boots (worn)
Jewellery
 k - an uncursed ring of resist corrosion
 D - a +3 ring of evasion (right hand)
 F - a +6 ring of dexterity (left hand)
 O - an amulet of the gourmand (around neck)
 S - an uncursed ring of positive energy
Wands
 P - a wand of lightning (8/15)
 R - a wand of iceblast (7/15)
Scrolls
 h - 2 scrolls of immolation {unknown}
 l - a scroll of fear {unknown}
 n - a scroll of enchant weapon {unknown}
 o - 5 scrolls of amnesia
 q - 10 scrolls of remove curse
 v - 2 scrolls of brand weapon {unknown}
 y - a scroll of holy word {unknown}
 B - a scroll of fog {unknown}
 E - 2 scrolls of recharging
 G - 2 scrolls of blinking
 I - a scroll of summoning {unknown}
 N - a scroll of teleportation
 Q - a scroll of vulnerability {unknown}
 X - a scroll of random uselessness {unknown}
Potions
 d - 4 potions of curing
 i - 2 potions of cancellation
 p - a potion of might
 r - 2 potions of brilliance
 s - 2 potions of invisibility
 u - 2 potions of agility
 z - 5 potions of haste
 H - 2 potions of ambrosia
 L - 2 potions of lignification
 V - a potion of resistance {unknown}
 Y - a potion of berserk rage {unknown}
Comestibles
 a - a bread ration
 c - 6 royal jellies
 Z - 2 fruits


   Skills:
 - Level 1.7 Dodging
 - Level 1.7 Stealth
 + Level 12.9 Spellcasting
 + Level 11.9 Conjurations
 - Level 9.0 Hexes
 + Level 12.1 Fire Magic


You had 12 spell levels left.
You knew the following spells:

 Your Spells              Type           Power        Failure   Level  Hunger
a - Flame Tongue          Conj/Fire      #####        1%          1    None
b - Conjure Flame         Conj/Fire      ######..     1%          3    None
c - Sticky Flame          Conj/Fire      ######..     1%          4    None
d - Fireball              Conj/Fire      ######....   1%          5    ####...
e - Slow                  Hex            #####...     1%          2    None
f - Searing Ray           Conj           ######       1%          2    None
g - Cause Fear            Hex            #####.....   1%          4    None
h - Dazzling Spray        Conj/Hex       ######       1%          3    None


Dungeon Overview and Level Annotations

Branches:
Dungeon (12/15)            Temple (1/1) D:7            Lair (1/6) D:11
    Orc (0/2) D:12

Altars:
Fedhas
Hepliaklqana
Kikubaaqudgha
Makhleb
Qazlal
Ru
Trog
Uskayaw
Vehumet
Xom
Yredelemnul
Zin
The Shining One

Shops:
D:10 ?   D:12 (


Innate Abilities, Weirdness & Mutations

You can breathe bolts of dispelling energy.
Your rich purple scales are hard. (AC +8)
You cannot fit into any form of body armour.
You are cold-blooded and may be slowed by cold attacks.


Message History

The gargoyle hurls a stone arrow at you.
The stone arrow misses you.
The gargoyle is engulfed in blazing flames.
The gargoyle hurls a stone arrow at you.
The stone arrow misses you.
The gargoyle hurls a stone arrow at you.
The stone arrow misses you.
The gargoyle is engulfed in blazing flames.
The gargoyle is destroyed!
There is a rocky tunnel leading out of this place here.
Casting: Flame Tongue
Confirm with . or Enter, or press ? or * to list all spells.
Aiming: Sticky Flame
Press: ? - help, Shift-Dir - straight line, f/p - gargoyle
Aim: a gargoyle, wielding a morningstar (severely damaged)
The sticky flame hits the gargoyle.
The gargoyle appears unharmed.
The gargoyle is severely damaged.
The gargoyle is covered in liquid flames!
You are engulfed in blazing flames.
You die...

§§8≈§§§§§§≈≈§§≈≈# ≈≈
8§§§§§≈≈§≈≈≈≈≈≈≈≈≈#
§§§≈≈≈≈≈≈§≈§≈≈§≈§≈≈≈≈.≈≈#
§≈≈§≈≈§§§≈≈≈≈≈≈≈≈≈......#
§§≈≈≈§§§≈≈≈≈≈§.≈.≈.....#
≈§§≈≈≈≈≈§≈≈§≈.....§§§.#
≈≈§≈§≈§§§≈≈....).....#
§§§§§§≈≈≈.....∩.@...#
§≈§≈≈≈§≈........9§.##
....≈§§.......§§.###
...............###
..#...........##
#...........###
#####..###### ####


You could see a gargoyle (burning).

Vanquished Creatures
  2 hydras (D:12)
  A centaur warrior (D:12)
  Erica (D:9)
  10 two-headed ogres
  An ogre mage (D:12)
  4 unseen horrors
  An anaconda skeleton (Volcano)
  5 ugly things
  A cyclops (D:12)
  A gargoyle (Volcano)
  A komodo dragon (D:11)
  2 trolls
  A harpy skeleton (Volcano)
  2 hippogriffs
  3 flying skulls (Volcano)
  2 shadows (D:11)
  A vampire (D:12)
  A wraith (D:12)
  2 wyverns
  12 yaks
  A hungry ghost (D:12)
  Duvessa (D:5)
  An acid dragon (D:11)
  A water moccasin (D:11)
  A porcupine (Lair:1)
  5 orc warriors
  4 sky beasts
  A black bear (D:6)
  2 ice beasts
  A hornet zombie (D:9)
  A necrophage (D:12)
  5 phantoms
  3 ogres
  3 centaurs
  4 crocodiles
  12 bullfrogs
  A wyvern zombie (D:7)
  A wyvern skeleton (D:10)
  Dowan (D:5)
  11 scorpions
  6 killer bees
  11 wights
  7 howler monkeys
  10 crimson imps
  A quasit (D:7)
  3 orc priests
  3 orc wizards
  8 hounds
  Crazy Yiuf (D:5)
  3 jellies
  A bullfrog skeleton (D:9)
  A centaur skeleton (D:10)
  Ijyb (D:3)
  An iguana (D:4)
  9 worker ants
  A hound skeleton (D:11)
  8 mummies (Ossuary)
  A howler monkey zombie (D:5)
  8 gnolls
  A howler monkey skeleton (D:10)
  13 adders
  4 shadow imps
  2 oozes
  3 adder skeletons
  3 worms
  2 dart slugs
  3 leopard geckos
  51 orcs
  2 ball pythons (D:1)
  12 bats
  3 giant cockroaches
  5 hobgoblins
  8 jackals
  12 kobolds
  5 quokkas
  2 frilled lizards
  A gnoll zombie (Ossuary)
  5 goblins
  A hobgoblin zombie (Ossuary)
  4 kobold zombies (Ossuary)
  2 orc zombies (Ossuary)
  2 quokka skeletons
  4 rats
348 creatures vanquished.

Vanquished Creatures (others)
  A gargoyle (Volcano)
  5 fungi (D:4)
6 creatures vanquished.

Grand Total: 354 creatures vanquished

Notes
Turn   | Place    | Note
-------+----------+-------------------------------------------
     0 | D:1      | skittles the Draconian Fire Elementalist began the quest for the Orb.
     0 | D:1      | Reached XP level 1. HP: 14/14 MP: 3/3
   258 | D:1      | Reached XP level 2. HP: 17/20 MP: 5/5
   652 | D:1      | Reached XP level 3. HP: 14/26 MP: 6/6
  2167 | D:2      | Learned a level 3 spell: Conjure Flame
  2647 | D:3      | Reached XP level 4. HP: 33/33 MP: 8/8
  2666 | D:3      | Noticed Ijyb
  2693 | D:3      | Killed Ijyb
  2994 | D:3      | Noticed an orc warrior
  3204 | D:2      | Learned a level 4 spell: Sticky Flame
  3214 | D:3      | Killed an orc warrior
  3214 | D:3      | Reached XP level 5. HP: 19/38 MP: 0/10
  4139 | D:3      | Reached XP level 6. HP: 43/45 MP: 4/11
  4565 | D:4      | Reached skill level 5 in Fire Magic
  4565 | D:4      | Your scales start taking on a rich purple colour.
  4565 | D:4      | Reached skill level 5 in Spellcasting
  4565 | D:4      | Reached XP level 7. HP: 12/50 MP: 0/15
  4594 | D:4      | HP: 2/50 [poisoned by a scorpion]
  5057 | D:4      | Found a sacrificial altar of Ru.
  5433 | D:4      | Found a glowing golden altar of the Shining One.
  5499 | D:4      | Reached skill level 5 in Conjurations
  5633 | D:4      | Learned a level 5 spell: Fireball
  5649 | D:4      | Found a shimmering altar of Xom.
  5651 | D:4      | Found a shimmering altar of Xom.
  5651 | D:4      | Found a shimmering altar of Xom.
  5656 | D:4      | Found a shimmering altar of Xom.
  5656 | D:4      | Found a shimmering altar of Xom.
  5656 | D:4      | Found a shimmering altar of Xom.
  5657 | D:4      | Found a shimmering altar of Xom.
  5657 | D:4      | Found a shimmering altar of Xom.
  6016 | D:5      | Entered Level 5 of the Dungeon
  6253 | D:5      | Noticed Dowan
  6254 | D:5      | Noticed Duvessa
  6291 | D:5      | Killed Duvessa
  6291 | D:5      | Reached XP level 8. HP: 51/57 MP: 8/17
  6330 | D:5      | Killed Dowan
  6406 | D:5      | Found a hazy altar of Hepliaklqana.
  6506 | D:5      | Found a runed door.
  6575 | D:5      | Noticed Crazy Yiuf
  6578 | D:5      | Killed Crazy Yiuf
  7053 | D:5      | Got a pair of encrusted gloves
  7059 | D:5      | Identified the cursed +0 pair of gloves "Moutt" {Str+5 Dex+6 SInv} (You found it on level 5 of the Dungeon)
  7398 | D:6      | Found a sand-covered staircase.
  7403 | Ossuary  | Entered an ossuary
  8184 | D:6      | Found an ancient bone altar of Kikubaaqudgha.
  8788 | D:7      | Reached XP level 9. HP: 62/62 MP: 13/20
  9056 | D:7      | Found a faded altar of an unknown god.
  9058 | D:7      | Found a staircase to the Ecumenical Temple.
  9072 | Temple   | Entered the Ecumenical Temple
  9104 | Temple   | Became a worshipper of Vehumet
  9838 | D:7      | Learned a level 2 spell: Slow
 10135 | D:8      | Reached skill level 1 in Hexes
 10229 | D:8      | Reached * piety under Vehumet
 10229 | D:8      | Offered knowledge of Sting by Vehumet.
 10711 | D:9      | Noticed Erica
 10788 | D:9      | Killed Erica
 10788 | D:9      | Reached XP level 10. HP: 27/69 MP: 8/23
 11071 | D:9      | Found a bloodstained altar of Trog.
 11607 | D:10     | Entered Level 10 of the Dungeon
 11638 | D:10     | Noticed a two-headed ogre
 11656 | D:10     | Killed a two-headed ogre
 11809 | D:10     | Found a sacrificial altar of Ru.
 11946 | D:10     | Offered knowledge of Searing Ray by Vehumet.
 11947 | D:10     | Noticed an unseen horror
 11954 | D:10     | Killed an unseen horror
 11954 | D:10     | Reached skill level 10 in Spellcasting
 11954 | D:10     | Reached skill level 5 in Hexes
 12338 | D:10     | Found Tufuz's Magic Scroll Shop.
 12343 | D:10     | Bought a scroll of recharging for 133 gold pieces
 12343 | D:10     | Bought a scroll of blinking for 105 gold pieces
 12343 | D:10     | Bought a scroll of enchant armour for 105 gold pieces
 12343 | D:10     | Bought a scroll of teleportation for 42 gold pieces
 12590 | D:11     | Reached ** piety under Vehumet
 12597 | D:11     | Noticed a cyan ugly thing
 12601 | D:11     | Killed a cyan ugly thing
 13177 | D:11     | Noticed a white ugly thing
 13189 | D:11     | Killed a white ugly thing
 13189 | D:11     | Reached XP level 11. HP: 53/74 MP: 3/25
 13366 | D:11     | Reached skill level 10 in Fire Magic
 13390 | D:11     | Noticed a red ugly thing
 13404 | D:10     | Learned a level 2 spell: Searing Ray
 13409 | D:10     | Learned a level 4 spell: Cause Fear
 13641 | D:11     | Noticed a two-headed ogre
 13654 | D:11     | Killed a two-headed ogre
 14203 | D:11     | Found a staircase to the Lair.
 14403 | D:11     | Noticed a red ugly thing
 14704 | D:11     | Found a blossoming altar of Fedhas.
 14772 | D:12     | Noticed a seven-headed hydra
 14779 | D:12     | Killed a seven-headed hydra
 14785 | D:12     | Reached skill level 10 in Conjurations
 14955 | D:12     | Noticed a two-headed ogre
 14955 | D:12     | Noticed a centaur warrior
 15160 | D:12     | Offered knowledge of Dazzling Spray by Vehumet.
 15165 | D:12     | Learned a level 3 spell: Dazzling Spray
 15241 | D:12     | Found Izxaetan's Weapon Emporium.
 15265 | D:12     | Noticed an unseen horror
 15271 | D:12     | Reached *** piety under Vehumet
 15272 | D:12     | Killed an unseen horror
 15596 | D:12     | Noticed a red ugly thing
 15626 | D:12     | Noticed an unseen horror
 15636 | D:12     | Killed an unseen horror
 16167 | D:12     | Offered knowledge of Static Discharge by Vehumet.
 16195 | D:12     | Noticed a two-headed ogre
 16224 | D:12     | Killed a two-headed ogre
 16287 | D:12     | Killed a centaur warrior
 16430 | D:12     | Noticed an ogre mage
 16729 | D:12     | Reached XP level 12. HP: 81/81 MP: 27/27
 16756 | D:12     | Found a staircase to the Orcish Mines.
 16798 | D:12     | Noticed a two-headed ogre
 16800 | D:12     | Noticed a two-headed ogre
 16801 | D:12     | Noticed a two-headed ogre
 16802 | D:12     | Noticed a two-headed ogre
 16803 | D:12     | Noticed a two-headed ogre
 16808 | D:12     | Killed a two-headed ogre
 16812 | D:12     | Killed a two-headed ogre
 17137 | D:12     | Killed a two-headed ogre
 17503 | D:12     | Reached **** piety under Vehumet
 17923 | D:12     | Noticed a seven-headed hydra
 17927 | D:12     | Killed a seven-headed hydra
 18047 | D:12     | Noticed a two-headed ogre
 18059 | D:12     | Noticed a two-headed ogre
 18062 | D:12     | Killed a two-headed ogre
 18100 | D:12     | Killed a two-headed ogre
 18498 | D:12     | Killed an ogre mage
 18505 | D:12     | Killed a two-headed ogre
 18509 | D:12     | Killed a two-headed ogre
 19241 | Lair:1   | Entered Level 1 of the Lair of Beasts
 19423 | Lair:1   | Found a dark tunnel.
 19432 | Volcano  | Entered a volcano
 19674 | Volcano  | Engulfed by a cloud of flame

Skill      XL: |  1  2  3  4  5  6  7  8  9 10 11 12 |
---------------+-------------------------------------+-----
Conjurations   | 2 3 4 5 6 8 9 10 11 | 11.9
Spellcasting   | 3 5 6 7 9 10 11 12 | 12.9
Fire Magic     | 4 5 6 7 9 10 12 | 12.1
Hexes          | 3 5 8 9 |  9.0
Dodging        | |  1.7
Stealth        | |  1.7

Action                   |  1- 3 |  4- 6 |  7- 9 | 10-12 || total
-------------------------+-------+-------+-------+-------++-------
Melee: Hand axe          |   120 |       |       |       ||   120
       Tailslap          |    15 |     9 |    59 |    83 ||   166
       Spear             |    44 |    31 |     2 |       ||    77
       Short sword       |       |    61 |    34 |       ||    95
       Flail             |       |     2 |       |       ||     2
       Executioner's axe |       |       |    10 |       ||    10
       Rapier            |       |       |   259 |   345 ||   604
 Cast: Flame Tongue      |    13 |    63 |    83 |   132 ||   291
       Sticky Flame      |       |     1 |    34 |    75 ||   110
       Conjure Flame     |       |     1 |     1 |     1 ||     3
       Fireball          |       |       |       |    50 ||    50
       Slow              |       |       |       |    30 ||    30
       Searing Ray       |       |       |       |     4 ||     4
       Cause Fear        |       |       |       |     3 ||     3
       Dazzling Spray    |       |       |       |     2 ||     2
Evoke: Wand              |       |       |       |     3 ||     3
  Use: Scroll            |     4 |       |     7 |     7 ||    18
       Potion            |       |     1 |     1 |     4 ||     6
 Stab: Sleeping          |     4 |     2 |     2 |     5 ||    13
       Distracted        |       |     1 |     1 |       ||     2
  Eat: Chunk             |     6 |     6 |    33 |    45 ||    90
       Royal jelly       |       |       |     1 |       ||     1
Armor: Skin              |    82 |    49 |   109 |   150 ||   390
Dodge: Dodged            |   109 |    84 |   279 |   431 ||   903
